 Dungeon Crawl Stone Soup version 0.21.0-3-g78d12a8 (webtiles) character file.

10623 grindst0ne the Blocker (level 11, -10/83 HPs)
             Began as a Demonspawn Chaos Knight on Jan 16, 2018.
             Mangled by a death yak simulacrum (19 damage)
             ... in an ice cave.
             The game lasted 00:19:26 (8510 turns).

grindst0ne the Blocker (Demonspawn Chaos Knight)    Turns: 8510, Time: 00:19:27

Health: -10/83     AC: 19    Str: 19    XL:     11   Next: 38%
Magic:  11/11      EV:  5    Int: 12    God:    Xom [..*...]
Gold:   122        SH: 20    Dex: 19    Spells: 10/10 levels left

rFire    + + .     SeeInvis .   j - +3 broad axe
rCold    + . .     Gourm    +   u - +2 large shield
rNeg     + . .     Faith    .   s - +3 chain mail {rN+}
rPois    +         Spirit   .   B - +2 helmet
rElec    +         Reflect  .   F - scarf {rC+ rF+}
rCorr    .         Harm     .   N - +2 pair of gloves
MR       +....     Clarity  +   (boots unavailable)
Stlth    ..........             o - amulet "Bicreava" {Gourm rElec MR+ Str+4 Int-4}
HPRegen  0.23/turn              d - ring of poison resistance
MPRegen  0.12/turn              l - +3 ring of slaying

@: no status effects
A: talons 3, thin skeletal structure 1, agile 2, clarity, fire resistance 1,
frail 1, mutation resistance 1, spiny 2, strong 1
a: Renounce Religion


You were in an ice cave.
You worshipped Xom.
You were a toy of Xom.
You were completely stuffed.

You visited 1 branch of the dungeon, and saw 11 of its levels.
You also visited: Ice Cave.

You collected 575 gold pieces.
You spent 453 gold pieces at shops.

Inventory:

Hand Weapons
 j - a +3 broad axe (weapon)
 G - a +0 whip of flaming
Armour
 m - a +0 pair of gloves of dexterity
 s - a +3 chain mail of positive energy (worn)
 u - a +2 large shield (worn)
 B - a +2 helmet (worn)
 F - a scarf of resistance (worn)
 N - a +2 pair of gloves (worn)
Jewellery
 d - a ring of poison resistance (left hand)
 l - a +3 ring of slaying (right hand)
 o - the amulet "Bicreava" (around neck) {Gourm rElec MR+ Str+4 Int-4}
   (Xom gifted it to you on level 1 of the Dungeon)

   [amulet of the gourmand]

   It allows you to eat raw meat even when not hungry.
   It affects your strength (+4).
   It affects your intelligence (-4).
   It insulates you from electricity.
   It affects your resistance to hostile enchantments.
 r - an uncursed amulet of regeneration {unknown}
 v - a +6 ring of dexterity
 x - an uncursed amulet of magic regeneration {unknown}
 J - a +3 ring of protection
 P - an uncursed ring of flight
 R - an uncursed ring of stealth {unknown}
Wands
 b - a wand of flame (2)
 g - a wand of paralysis (6)
 S - a wand of disintegration (13)
Scrolls
 e - 3 scrolls of magic mapping
 i - 8 scrolls of remove curse
 k - a scroll of immolation {unknown}
 p - 4 scrolls of teleportation
 w - 3 scrolls of enchant weapon
 C - a scroll of enchant armour
 D - 2 scrolls of blinking
 L - a scroll of fog
Potions
 h - 2 potions of agility
 n - 3 potions of mutation
 q - 3 potions of flight
 t - 4 potions of might
 z - a potion of berserk rage
 A - 2 potions of lignification
 E - 2 potions of magic
 K - 2 potions of invisibility
 M - a potion of brilliance
 W - a potion of heal wounds
Books
 H - a book of Conjurations

   Spells                             Type                      Level
   a - Magic Dart                     Conjuration                  1
   b - Searing Ray                    Conjuration                  2
   c - Dazzling Spray                 Conjuration/Hexes            3
   d - Fulminant Prism                Conjuration/Hexes            4
   e - Force Lance                    Conjuration/Translocation    4
   f - Iskenderun's Mystic Blast      Conjuration                  4
 I - a book of Callings

   Spells                             Type                      Level
   a - Summon Small Mammal            Summoning                    1
   b - Call Imp                       Summoning                    2
   c - Call Canine Familiar           Summoning                    3
   d - Summon Guardian Golem          Hexes/Summoning              3
   e - Summon Lightning Spire         Summoning/Air                4
   f - Summon Ice Beast               Ice/Summoning                4
 T - a book of Geomancy

   Spells                             Type                      Level
   a - Sandblast                      Earth                        1
   b - Passwall                       Transmutation/Earth          2
   c - Stone Arrow                    Conjuration/Earth            3
   d - Petrify                        Transmutation/Earth          4
   e - Lee's Rapid Deconstruction     Earth                        5
 V - a book of Changes

   Spells                             Type                      Level
   a - Beastly Appendage              Transmutation                1
   b - Sticks to Snakes               Transmutation                2
   c - Spider Form                    Transmutation/Poison         3
   d - Ice Form                       Ice/Transmutation            4
   e - Blade Hands                    Transmutation                5
Comestibles
 c - 22 rations
 X - a chunk of flesh


   Skills:
 - Level 11.0 Fighting
 * Level 3.7 Axes
 * Level 5.0 Armour
 - Level 0.8 Dodging
 * Level 12.0 Shields


You had 10 spell levels left.
You didn't know any spells.

Dungeon Overview and Level Annotations

Branches:
Dungeon (11/15)            Temple (0/1) D:6            Lair (0/6) D:11
    Orc (0/2) D:11

Altars:
Ashenzari
Dithmenos
Elyvilon
Fedhas
Gozag
Hepliaklqana
Nemelex Xobeh
Qazlal
Sif Muna
Wu Jian
Xom
The Shining One

Shops:
D:4 !   D:7 ?   D:8 :   D:9 =

Annotations:
D:9 2 runed doors


Innate Abilities, Weirdness & Mutations

You have claws for feet.
Your flesh is heat resistant. (rF+)
You are mostly covered in sharp spines.
You have a somewhat thin skeletal structure. (Dex +2, Stealth)
You are very agile. (Dex +4)
You possess an exceptional clarity of mind.
You are frail. (-10% HP)
You are somewhat resistant to further mutation.
Your muscles are strong. (Str +2)


Message History

The death yak simulacrum is heavily damaged.
You slash the elephant simulacrum!
You block the elephant simulacrum's attack.
The elephant simulacrum trunk-slaps you.
The elephant simulacrum freezes you. You resist.
* * * LOW HITPOINT WARNING * * *
You block the death yak simulacrum's attack.
The elephant simulacrum completely misses you.
The elephant simulacrum trunk-slaps you but does no damage.
You slice the elephant simulacrum!!
The elephant simulacrum vapourises!
You hit the death yak simulacrum.
You block the death yak simulacrum's attack.
You hit the death yak simulacrum. You claw the death yak simulacrum.
The death yak simulacrum is almost destroyed.
The death yak simulacrum gores you!
* * * LOW HITPOINT WARNING * * *
The death yak simulacrum freezes you!! You resist.
You die...
Xom thinks this is hilarious!

#### ##..##
###
##....##..##
#......Z...##
#.∩.∩.@.....#
#......§##....
##....### #
##..## ####


You could see a death yak simulacrum.

Vanquished Creatures
  Fannar (D:10)
  Erolcha (D:9)
  4 two-headed ogres
  Urug (D:10)
  Nergalle (D:10)
  Pikel (D:6)
  The ghost of Xenophilius the Firebug, a novice DEFE of Vehumet (D:5)
  The ghost of Television the Insei, a novice DgTm (D:6)
  A troll (D:9)
  A wolf spider simulacrum (IceCv)
  2 hippogriffs
  Prince Ribbit (D:9)
  A wyvern (D:10)
  A spriggan (D:7)
  Grum (D:9)
  Edmund (D:5)
  A water moccasin (D:10)
  2 ice beasts (D:10)
  A phantom (D:9)
  4 ogres
  4 wolves (D:9)
  3 centaurs
  6 bullfrogs
  2 scorpions
  5 killer bees (D:9)
  4 wights (D:9)
  An elephant simulacrum (IceCv)
  A howler monkey (D:6)
  A centaur zombie (D:9)
  2 crimson imps
  3 hounds
  A quasit (D:10)
  3 bullfrog zombies
  3 orc priests
  A centaur skeleton (D:6)
  4 iguanas
  3 orc wizards
  5 worker ants
  A polar bear simulacrum (IceCv)
  A hound zombie (D:5)
  2 hound skeletons
  7 gnolls
  2 howler monkey skeletons
  A howler monkey zombie (D:6)
  8 adders
  A shadow imp (D:5)
  An ooze (D:1)
  2 adder skeletons
  2 worms (D:2)
  2 dart slugs (D:1)
  3 leopard geckos
  15 orcs
  A ball python (D:4)
  3 giant cockroaches
  9 goblins
  11 hobgoblins
  6 jackals
  2 kobolds (D:1)
  A quokka (D:3)
  6 bats
  4 frilled lizards
  A quokka skeleton (D:5)
  A quokka zombie (D:6)
  8 rats
181 creatures vanquished.

Vanquished Creatures (collateral kills)
  Crazy Yiuf (D:2)
1 creature vanquished.

Vanquished Creatures (others)
  A slave (D:6)
  A gnoll (D:6)
  2 adders
4 creatures vanquished.

Grand Total: 186 creatures vanquished

Notes
Turn   | Place    | Note
-------+----------+-------------------------------------------
     0 | D:1      | grindst0ne the Demonspawn Chaos Knight began the quest for the Orb.
     0 | D:1      | Reached XP level 1. HP: 18/18 MP: 1/1
   129 | D:1      | Gained mutation: Your flesh is heat resistant. (rF+) [demonic ancestry]
   129 | D:1      | Reached XP level 2. HP: 24/24 MP: 2/2
   240 | D:1      | XOM: cast spell 'Call Canine Familiar'
   391 | D:1      | XOM: silly message
   455 | D:1      | XOM: divination: detect items
   509 | D:1      | XOM: divination: detect creatures
   547 | D:1      | XOM: butterfly on damage
   587 | D:1      | XOM: silly message
   754 | D:1      | Reached XP level 3. HP: 30/30 MP: 3/3
  1330 | D:2      | Gained mutation: You are partially covered in sharp spines. [demonic ancestry]
  1330 | D:2      | Reached XP level 4. HP: 24/38 MP: 4/4
  1413 | D:2      | Reached skill level 5 in Fighting
  1518 | D:2      | Found a runed door.
  1549 | D:2      | Found a faded altar of an unknown god.
  1837 | D:2      | Noticed Crazy Yiuf
  1840 | D:2      | XOM: butterfly on damage
  1840 | D:2      | XOM: butterfly on damage
  1862 | D:2      | XOM: harmless Air miscast
  1971 | D:1      | XOM: god gift: crude bone amulet {god gift}
  1974 | D:1      | Got a crude bone amulet {god gift}
  1975 | D:1      | Identified the amulet "Bicreava" {Gourm rElec MR+ Str+4 Int-4} (Xom gifted it to you on level 1 of the Dungeon)
  2116 | D:2      | XOM: summons friendly soul eater
  2122 | D:2      | Killed Crazy Yiuf
  2122 | D:2      | Reached XP level 5. HP: 6/46 MP: 2/5
  2460 | D:3      | Noticed a centaur
  2460 | D:3      | an orc priest changed into a centaur
  2460 | D:3      | XOM: polymorph orc priest -> centaur
  2464 | D:3      | Killed a centaur
  3031 | D:3      | XOM: medium Erth miscast
  3127 | D:4      | Noticed an ogre
  3132 | D:4      | XOM: butterfly on damage
  3133 | D:4      | Killed an ogre
  3133 | D:4      | Reached skill level 1 in Shields
  3133 | D:4      | Gained mutation: You have sharp toenails. [demonic ancestry]
  3133 | D:4      | Reached XP level 6. HP: 41/53 MP: 6/6
  3194 | D:4      | Found a stormy altar of Qazlal.
  3240 | D:4      | Reached skill level 2 in Shields
  3247 | D:4      | Found Qihain's Distillery.
  3255 | D:4      | Bought a potion of flight for 39 gold pieces
  3255 | D:4      | Bought a potion of berserk rage for 65 gold pieces
  3255 | D:4      | Bought a potion of might for 52 gold pieces
  3255 | D:4      | Bought a potion of lignification for 39 gold pieces
  3467 | D:4      | Found a deep blue altar of Sif Muna.
  3515 | D:4      | Found a glowing golden altar of the Shining One.
  3519 | D:4      | Found a shadowy altar of Dithmenos.
  3519 | D:4      | Found a shimmering altar of Xom.
  3532 | D:4      | Found a hazy altar of Hepliaklqana.
  3536 | D:4      | Found a white marble altar of Elyvilon.
  3711 | D:4      | Got a jet-encrusted leather armour
  3722 | D:4      | Identified the +1 leather armour of Boc Vygi {+Fly rPois rF+} (You found it on level 4 of the Dungeon)
  3738 | D:4      | XOM: noise
  4138 | D:5      | Entered Level 5 of the Dungeon
  4182 | D:5      | Noticed Xenophilius's ghost (novice DEFE)
  4197 | D:5      | Killed Xenophilius's ghost
  4197 | D:5      | Reached skill level 4 in Shields
  4197 | D:5      | Gained mutation: You have razor-sharp toenails. [demonic ancestry]
  4197 | D:5      | Reached XP level 7. HP: 60/60 MP: 7/7
  4225 | D:5      | XOM: medium Ice miscast
  4268 | D:5      | Found an ornate altar of the Wu Jian Council.
  4276 | D:5      | Noticed Edmund
  4291 | D:5      | Killed Edmund
  4486 | D:5      | Reached skill level 5 in Shields
  4508 | D:5      | Found a shattered altar of Ashenzari.
  4510 | D:5      | Found a sparkling altar of Nemelex Xobeh.
  4520 | D:5      | Gained mutation: You are mostly covered in sharp spines. [demonic ancestry]
  4520 | D:5      | Reached XP level 8. HP: 65/68 MP: 8/8
  4590 | D:5      | XOM: give mutation
  4590 | D:5      | Gained mutation: You are robust. (+10% HP) [Xom's grace]
  4610 | D:5      | XOM: give mutations
  4610 | D:5      | Gained mutation: Your muscles are strong. (Str +2) [Xom's grace]
  4610 | D:5      | Gained mutation: You are agile. (Dex +2) [Xom's grace]
  4782 | D:5      | XOM: silly message
  4892 | D:6      | Found an opulent altar of Gozag.
  4945 | D:6      | Found a staircase to the Ecumenical Temple.
  4975 | D:6      | Noticed Pikel
  4975 | D:6      | XOM: silly message
  4977 | D:6      | XOM: harmless Necr miscast
  4982 | D:6      | Killed Pikel
  4982 | D:6      | Reached skill level 6 in Shields
  5237 | D:6      | Noticed Television's ghost (novice DgTm)
  5247 | D:6      | Killed Television's ghost
  5247 | D:6      | Reached skill level 7 in Shields
  5298 | D:6      | XOM: divination: magic mapping
  5598 | D:7      | XOM: harmless Tmut miscast
  5713 | D:7      | Found Kubemiz's Magic Scroll Shop.
  5724 | D:7      | Bought a scroll of enchant weapon for 90 gold pieces
  5724 | D:7      | Bought a scroll of fog for 24 gold pieces
  5724 | D:7      | Bought a scroll of identify for 24 gold pieces
  5724 | D:7      | Bought a scroll of teleportation for 36 gold pieces
  5724 | D:7      | Bought a scroll of random uselessness for 12 gold pieces
  5726 | D:7      | Bought 3 scrolls of identify for 72 gold pieces
  5760 | D:7      | Gained mutation: You have claws for feet. [demonic ancestry]
  5760 | D:7      | Reached XP level 9. HP: 82/82 MP: 9/9
  5936 | D:7      | XOM: 5-stop teleportation journey
  5988 | D:7      | Got a wavering garnet amulet
  6077 | D:7      | XOM: harmless Erth miscast
  6260 | D:8      | Noticed a two-headed ogre
  6269 | D:8      | Killed a two-headed ogre
  6269 | D:8      | Reached skill level 8 in Shields
  6353 | D:8      | Found Wargheopp's Book Shop.
  6387 | D:8      | Reached skill level 9 in Shields
  6492 | D:9      | Noticed Erolcha
  6501 | D:9      | XOM: confuse monster(s)
  6507 | D:9      | Killed Erolcha
  6507 | D:9      | Reached skill level 10 in Fighting
  6530 | D:9      | Reached XP level 10. HP: 80/93 MP: 10/10
  6552 | D:9      | Found a runed door.
  6552 | D:9      | Noticed a fire dragon
  6552 | D:9      | Noticed a fire dragon
  6554 | D:9      | Noticed an ice dragon
  6554 | D:9      | Noticed an ice dragon
  6556 | D:9      | Found the +2 shield of Resistance {rF+ rC+ MR+}
  6567 | D:9      | XOM: harmless Tmut miscast
  6596 | D:9      | XOM: give mutations
  6596 | D:9      | Lost mutation: You are robust. (+10% HP) [Xom's mischief]
  6596 | D:9      | Gained mutation: You are frail. (-10% HP) [Xom's mischief]
  6666 | D:9      | Reached skill level 10 in Shields
  6842 | D:9      | Noticed a two-headed ogre
  6842 | D:9      | XOM: noise
  6853 | D:9      | XOM: repel stairs
  6853 | D:9      | Killed a two-headed ogre
  6856 | D:9      | XOM: harmless Ice miscast
  6929 | D:9      | Found Miwipn's Jewellery Boutique.
  6961 | D:9      | Noticed Prince Ribbit
  6968 | D:9      | Killed Prince Ribbit
  7016 | D:9      | Found a runed door.
  7034 | D:9      | Noticed Grum
  7041 | D:9      | Killed Grum
  7041 | D:9      | Reached skill level 11 in Shields
  7129 | D:10     | XOM: noise
  7129 | D:10     | Entered Level 10 of the Dungeon
  7177 | D:10     | XOM: divination: detect creatures
  7191 | D:10     | Found a blossoming altar of Fedhas.
  7258 | D:10     | Noticed a two-headed ogre
  7264 | D:10     | Killed a two-headed ogre
  7280 | D:10     | Noticed Nergalle
  7303 | D:10     | XOM: summons friendly shadow imp
  7308 | D:10     | XOM: summons friendly crimson imp
  7312 | D:10     | XOM: blink monster(s)
  7319 | D:10     | Killed Nergalle
  7485 | D:10     | Reached XP level 11. HP: 63/83 MP: 11/11
  7491 | D:10     | XOM: scenery: 1 doors open
  7533 | D:10     | Noticed Urug
  7535 | D:10     | XOM: fog
  7540 | D:10     | XOM: divination: detect items
  7560 | D:10     | HP: 4/124 [Urug/enchanted broad axe (17)]
  7571 | D:10     | Killed Urug
  7920 | D:10     | XOM: give mutations
  7920 | D:10     | Gained mutation: You are very agile. (Dex +4) [Xom's grace]
  7920 | D:10     | Gained mutation: You possess an exceptional clarity of mind. [Xom's grace]
  7920 | D:10     | Gained mutation: You are somewhat resistant to further mutation. [Xom's grace]
  7920 | D:10     | Gained mutation: You have a somewhat thin skeletal structure. (Dex +2, Stealth) [Xom's grace]
  7934 | D:10     | Noticed Fannar
  7956 | D:10     | XOM: divine lightning
  7960 | D:10     | Killed Fannar
  8278 | D:10     | Noticed a two-headed ogre
  8281 | D:10     | XOM: enchant monster (good)
  8288 | D:10     | Killed a two-headed ogre
  8457 | D:11     | Identified the amulet of Ecsuezig {Inacc Int+4} (You found it on level 7 of the Dungeon)
  8476 | D:11     | XOM: fog
  8494 | D:11     | Found a frozen archway.
  8503 | IceCv    | Entered an ice cave
  8507 | IceCv    | Reached skill level 5 in Armour
  8507 | IceCv    | Reached skill level 12 in Shields
  8510 | IceCv    | Mangled by a death yak simulacrum

Skill      XL: |  1  2  3  4  5  6  7  8  9 10 11 |
---------------+----------------------------------+-----
Fighting       | 4 5 6 7 8 10 11 | 11.0
Shields        | 1 4 5 7 9 11 12 | 12.0
Armour         | 3 5 |  5.0
Axes           | 3 |  3.7
Dodging        | |  0.8

Action                   |  1- 3 |  4- 6 |  7- 9 | 10-12 || total
-------------------------+-------+-------+-------+-------++-------
Melee: Hand axe          |   140 |    55 |       |       ||   195
       Whip              |       |    16 |   112 |   189 ||   317
       Kick              |       |    10 |    58 |   102 ||   170
       Broad axe         |       |       |       |    59 ||    59
Evoke: Wand              |       |     7 |    12 |     3 ||    22
  Use: Potion            |       |     1 |       |     4 ||     5
       Scroll            |       |     6 |     4 |     4 ||    14
 Stab: Sleeping          |     1 |       |       |       ||     1
       Petrified         |     5 |     4 |       |     5 ||    14
       Confused          |       |       |     1 |       ||     1
  Eat: Chunk             |     2 |    16 |     8 |     7 ||    33
Armor: Leather armour    |    58 |     3 |       |       ||    61
       Chain mail        |       |    18 |    31 |    86 ||   135
       Skin              |       |       |       |    28 ||    28
Dodge: Dodged            |    97 |    15 |     3 |    32 ||   147
Block: Large shield      |       |    23 |    99 |   290 ||   412
